 Dungeon Crawl Stone Soup version 0.31-a0-237-g2d982f9f85 (webtiles) character file.

Game seed: 1283029417714890752

35 lunkers the Shield-Bearer (level 3, 0/26 HPs)
             Began as a Meteoran Wanderer on July 11, 2023.
             Slain by Natasha (4 damage)
             ... on level 2 of the Dungeon.
             The game lasted 00:01:48 (363 turns).

lunkers the Shield-Bearer (Meteoran Wanderer)        Turns: 363, Time: 00:01:49

Health: 0/26       AC:  2    Str: 14    XL:     3   Next: 79%
Magic:  2/9        EV: 10    Int: 16    God:
Gold:   64         SH:  7    Dex: 12    Spells: 8/10 levels left

rFire   . . .        f - +0 dagger (pain)
rCold   . . .        c - +2 buckler
rNeg    . . .        e - +0 robe
rPois   .            (no helmet)
rElec   .            (no cloak)
rCorr   .            (no gloves)
SInv    .            (no boots)
Will    .....        (no amulet)
Stlth   +            (no ring)
HPRegen 0.24/turn    (no ring)
MPRegen 0.11/turn

%: no passive effects
@: very slightly contaminated, glowing
A: sense surroundings 1, otherworldly, glowing, explore regen
a: no special abilities


You were on level 2 of the Dungeon.
You visited 1 branch of the dungeon, and saw 2 of its levels.

You collected 64 gold pieces.

Inventory:

Hand Weapons
 a - a +0 dagger
 f - a +0 dagger of pain (weapon)
Missiles
 b - 12 poisoned darts
Armour
 c - a +2 buckler (worn)
 e - a +0 robe (worn)
Jewellery
 i - a +6 ring of strength
Scrolls
 d - 2 scrolls of teleportation
 g - a scroll of noise {unknown}
 h - a scroll of enchant armour {unknown}
Potions
 j - a potion of brilliance {unknown}


   Skills:
 - Level 1.6 Short Blades
 - Level 2.4 Throwing
 - Level 1.0 Stealth
 - Level 4.8 Shields
 + Level 4.2 Spellcasting
 + Level 1.1 Conjurations
 * Level 1.8 Fire Magic


You had 8 spell levels left.
You knew the following spells:

 Your Spells              Type           Power      Damage    Failure   Level
a - Sting                 Tmut/Pois      12%        1d3       22%         1
b - Foxfire               Conj/Fire      32%        2x1d5     12%         1

Your spell library contained the following spells:

 Spells                   Type           Power      Damage    Failure   Level
 Mephitic Cloud           Conj/Pois/Air  4%         N/A       50%         3
 Fireball                 Conj/Fire      4%         3d4       97%         5
 Plasma Beam              Fire/Air       3%         2x1d13    100%        6
 Starburst                Conj/Fire      4%         6d3       100%        6


Dungeon Overview and Level Annotations

Branches:
Dungeon (2/15) Zot: 838

Altars:

Annotations:
D:2 Natasha


Innate Abilities, Weirdness & Mutations

You passively map a small area around you.
You are easily found by Zot.
You glow in the dark.
You regain HP and MP as you explore.


Message History

* * * LOW HITPOINT WARNING * * *
Your Conjurations skill increases to level 1!
Casting: Foxfire (safe; 12% risk of failure)
Confirm with . or Enter, or press ? or * to list all spells.
You miscast Foxfire.
You are very lightly contaminated with residual magic.
Nothing appears to happen.
Natasha claws you.
* * * LOW HITPOINT WARNING * * *
Unknown command.
Casting: Foxfire (safe; 12% risk of failure)
Confirm with . or Enter, or press ? or * to list all spells.
You conjure some foxfire!
The dart slug bites you.
* * * LOW HITPOINT WARNING * * *
Natasha claws you.
* * * LOW HITPOINT WARNING * * *
Unknown command.
You hit the dart slug.
The dart slug is moderately wounded.
The foxfire hits the dart slug.
The dart slug is heavily wounded.
The foxfire hits the dart slug.
The dart slug is severely wounded.
Natasha closely misses you. The dart slug bites you.
* * * LOW HITPOINT WARNING * * *
Casting: Foxfire (safe; 12% risk of failure)
Confirm with . or Enter, or press ? or * to list all spells.
You conjure some foxfire!
Natasha closely misses you.
Unknown command.
Unknown command.
You hit the dart slug.
The dart slug is severely wounded.
The foxfire hits the dart slug.
You kill the dart slug!
The foxfire hits Natasha.
Natasha is heavily wounded.
Natasha barely misses you.
Casting: Foxfire (safe; 12% risk of failure)
Confirm with . or Enter, or press ? or * to list all spells.
You conjure some foxfire!
Natasha claws you.
You die...

, , , ##.... ### .#.♣...
.. , , ....... .. ,# ,
.....>. .# * .# ##
$..... .#####..........
,#.♣...♣. #.............
, ,
#...h.###.##........>. *
♣v@§...##.......... *
#.v§##.............
#######.####.....## *
#.# #.[.....## ,
###.###.#....... #
#...##....#†..## , #.
##.###..#.##...# .##.#
##..# #.##.##†..#
.<...##..####....##...##


You could see Natasha (ally target).

Vanquished Creatures
  2 adders (D:2)
  A dart slug (D:2)
  A bat (D:1)
  2 endoplasms (D:2)
  A giant cockroach (D:1)
  2 goblins (D:1)
  2 hobgoblins
  A ball python (D:2)
  2 frilled lizards (D:2)
  A rat (D:2)
15 creatures vanquished.

Vanquished Creatures (others)
  19 foxfires (D:2)
19 creatures vanquished.

Grand Total: 34 creatures vanquished

Notes
Turn   | Place    | Note
-------+----------+-------------------------------------------
     0 | D:1      | lunkers the Meteoran Wanderer began the quest for the Orb.
     0 | D:1      | lunkers set off with the following items: a +0 dagger, 12
                  | poisoned darts, a +2 buckler, a scroll of teleportation, a
                  | +0 robe; and the following spell memorised: Sting; and the
                  | following spells available to memorise: Mephitic Cloud.
     0 | D:1      | Reached XP level 1. HP: 14/14 MP: 6/6
    84 | D:1      | Reached skill level 1 in Short Blades
   180 | D:1      | Reached XP level 2. HP: 16/20 MP: 8/8
   227 | D:2      | Learned a level 1 spell: Foxfire
   308 | D:2      | Reached skill level 1 in Fire Magic
   308 | D:2      | Reached XP level 3. HP: 15/26 MP: 1/9
   349 | D:2      | Noticed Natasha
   358 | D:2      | Reached skill level 1 in Conjurations
   363 | D:2      | Slain by Natasha

Illustrated notes

Levels and vault maps discovered:
D:1:      matt_arrival_refuge, layout_basic, minmay_cut_off
D:2:      layout_rooms, grunt_ministairs_2, uniq_natasha

Skill      XL: |  1  2  3 |
---------------+----------+-----
Short Blades   | 1 |  1.6
Fire Magic     | 1 |  1.8
Conjurations   | 1 |  1.1
Throwing       | |  2.4
Stealth        | |  1.0
Shields        | |  4.8
Spellcasting   | |  4.2

Action                     || total
---------------------------++-------
  Melee: Dagger            ||    50
   Cast: Sting             ||    15
         Foxfire           ||    11
 Armour: Robe              ||    15
  Dodge: Dodged            ||    29
  Block: Buckler           ||    14

Table legend: (Time is in decaauts)
 A = Elapsed time spent in this place.
 B = Non-inter-level travel time spent in this place.
 C = Inter-level travel time spent in this place.
 D = Time resting spent in this place.
 E = Time spent auto-exploring this place.
 F = Levels seen in this place.
 G = Mean time per level.
                   A        B        C        D        E       F      G
               +--------+--------+--------+--------+--------+-----+--------+
         Total |    361 |    361 |      0 |      0 |    211 |   2 |  180.5 |
       Dungeon |    361 |    361 |      0 |      0 |    211 |   2 |  180.5 |
               +--------+--------+--------+--------+--------+-----+--------+

Top non-repeatable levels by time:
     D:1: 211 daAuts
     D:2: 150 daAuts
